TOP OF THE 1ST |
Richardson City Thundercats batting - Pitching for Austin Rangers : RHP Kyle Boddy
|
Pitching: RHP Kyle Boddy
|
|
Batting: RHB Chriss Mann
|
0-0: Ball 1-0: Swinging Strike 1-1: Ground out 5-3 (Groundball, 5)
|
Batting: SHB Mitch Qualtrough
|
0-0: Ball 1-0: Ground out 4-3 (Groundball, 4)
|
Batting: LHB Fernando Ramírez
|
0-0: Ball 1-0: Ball 2-0: Ball 3-0: Called Strike 3-1: Fly out, F6 (Line Drive, 6M)
|
Top of the 1st over - 0 run(s), 0 hit(s), 0 error(s), 0 left on base; Richardson City 0 - Austin 0 |
BOTTOM OF THE 1ST |
Austin Rangers batting - Pitching for Richardson City Thundercats : RHP Cordell Wilson
|
Pitching: RHP Cordell Wilson
|
|
Batting: RHB Miguel Morán
|
0-0: Ball 1-0: Foul Ball, location: 2F 1-1: Swinging Strike 1-2: Strikes out swinging
|
Batting: SHB Xavier Vásquez
|
0-0: Ground out U3 (Groundball, 3)
|
Batting: LHB Yun Yen
|
0-0: Ball 1-0: Foul Ball, location: 2F 1-1: Called Strike 1-2: Strikes out swinging
|
Bottom of the 1st over - 0 run(s), 0 hit(s), 0 error(s), 0 left on base; Richardson City 0 - Austin 0 |
TOP OF THE 2ND |
Richardson City Thundercats batting - Pitching for Austin Rangers : RHP Kyle Boddy
|
Batting: LHB Terrence Eler
|
0-0: Called Strike 0-1: SINGLE (Groundball, 4MD)
|
Batting: RHB Juan Cabrera
|
0-0: Ball 1-0: Called Strike 1-1: Foul Ball, location: 2F 1-2: Grounds into double play, 1-4-3 (Groundball, 15S)
|
Batting: RHB Tomás Martínez
|
0-0: SINGLE (Groundball, 56D)
|
Batting: RHB Alden Wiley
|
0-0: Ball 1-0: Foul Ball, location: 2F 1-1: Foul Ball, location: 2F 1-2: Fly out, F5 (Popup, 56)
|
Top of the 2nd over - 0 run(s), 2 hit(s), 0 error(s), 1 left on base; Richardson City 0 - Austin 0 |
BOTTOM OF THE 2ND |
Austin Rangers batting - Pitching for Richardson City Thundercats : RHP Cordell Wilson
|
Batting: LHB Count Dante
|
0-0: Called Strike 0-1: Foul Ball, location: 2F 0-2: Strikes out looking
|
Batting: RHB Jeff Green
|
0-0: Ball 1-0: Called Strike 1-1: Ball 2-1: SINGLE (Flyball, 8LS)
|
Batting: LHB Jesús Reyes
|
0-0: Called Strike 0-1: Swinging Strike 0-2: Ball 1-2: Fly out, F9 (Flyball, 89M)
|
Batting: RHB Tony Hernández
|
0-0: Called Strike 0-1: Foul Ball, location: 2F 0-2: Foul Ball, location: 2F 0-2: SINGLE (Groundball, 34D) Jeff Green to second
|
Batting: RHB Matt Sheppard
|
0-0: Fielders Choice at 2nd, 5-4 (Groundball, 56)
|
Bottom of the 2nd over - 0 run(s), 2 hit(s), 0 error(s), 1 left on base; Richardson City 0 - Austin 0 |
TOP OF THE 3RD |
Richardson City Thundercats batting - Pitching for Austin Rangers : RHP Kyle Boddy
|
Batting: LHB Carroll Martin
|
0-0: Ball 1-0: Called Strike 1-1: Ground out 4-3 (Groundball, 4M)
|
Batting: LHB Eduardo Álvarez
|
0-0: Foul Ball, location: 2F 0-1: Ball 1-1: Swinging Strike 1-2: Ground out 4-3 (Groundball, 4)
|
Batting: RHB Chriss Mann
|
0-0: Called Strike 0-1: Foul Ball, location: 2F 0-2: Strikes out looking
|
Top of the 3rd over - 0 run(s), 0 hit(s), 0 error(s), 0 left on base; Richardson City 0 - Austin 0 |
BOTTOM OF THE 3RD |
Austin Rangers batting - Pitching for Richardson City Thundercats : RHP Cordell Wilson
|
Batting: RHB José Muńóz
|
0-0: Called Strike 0-1: Ground out 4-3 (Groundball, 4M)
|
Batting: RHB Miguel Morán
|
0-0: Ball 1-0: Called Strike 1-1: Foul Ball, location: 2F 1-2: Foul Ball, location: 2F 1-2: Strikes out looking
|
Batting: SHB Xavier Vásquez
|
0-0: Ground out 4-3 (Groundball, 4)
|
Bottom of the 3rd over - 0 run(s), 0 hit(s), 0 error(s), 0 left on base; Richardson City 0 - Austin 0 |
TOP OF THE 4TH |
Richardson City Thundercats batting - Pitching for Austin Rangers : RHP Kyle Boddy
|
Batting: SHB Mitch Qualtrough
|
0-0: Swinging Strike 0-1: Ground out 5-3 (Groundball, 56S)
|
Batting: LHB Fernando Ramírez
|
0-0: Ball 1-0: Ball 2-0: Ball 3-0: Called Strike 3-1: Base on Balls
|
Batting: LHB Terrence Eler
|
0-0: Ball 1-0: Called Strike 1-1: Grounds into double play, 4-6-3 (Groundball, 34)
|
Top of the 4th over - 0 run(s), 0 hit(s), 0 error(s), 0 left on base; Richardson City 0 - Austin 0 |
BOTTOM OF THE 4TH |
Austin Rangers batting - Pitching for Richardson City Thundercats : RHP Cordell Wilson
|
Batting: LHB Yun Yen
|
0-0: Ground out 4-3 (Groundball, 4)
|
Batting: LHB Count Dante
|
0-0: Called Strike 0-1: Fly out, F7 (Flyball, 7S)
|
Batting: RHB Jeff Green
|
0-0: Ball 1-0: Fly out, F4 (Line Drive, 4)
|
Bottom of the 4th over - 0 run(s), 0 hit(s), 0 error(s), 0 left on base; Richardson City 0 - Austin 0 |
TOP OF THE 5TH |
Richardson City Thundercats batting - Pitching for Austin Rangers : RHP Kyle Boddy
|
Batting: RHB Juan Cabrera
|
0-0: Ground out 5-3 (Groundball, 56)
|
Batting: RHB Tomás Martínez
|
0-0: Called Strike 0-1: Swinging Strike 0-2: Ball 1-2: Foul Ball, location: 2F 1-2: Strikes out swinging
|
Batting: RHB Alden Wiley
|
0-0: Foul Ball, location: 2F 0-1: Ball 1-1: Called Strike 1-2: Fly out, F5 (Line Drive, 5L)
|
Top of the 5th over - 0 run(s), 0 hit(s), 0 error(s), 0 left on base; Richardson City 0 - Austin 0 |
BOTTOM OF THE 5TH |
Austin Rangers batting - Pitching for Richardson City Thundercats : RHP Cordell Wilson
|
Batting: LHB Jesús Reyes
|
0-0: Ball 1-0: Foul Ball, location: 2F 1-1: Called Strike 1-2: Ball 2-2: Fly out, F9 (Line Drive, 89D)
|
Batting: RHB Tony Hernández
|
0-0: Ball 1-0: Foul Ball, location: 2F 1-1: Ground out 4-3 (Groundball, 4S)
|
Batting: RHB Matt Sheppard
|
0-0: Foul Ball, location: 2F 0-1: Foul Ball, location: 2F 0-2: Ground out 4-3 (Groundball, 4)
|
Bottom of the 5th over - 0 run(s), 0 hit(s), 0 error(s), 0 left on base; Richardson City 0 - Austin 0 |
TOP OF THE 6TH |
Richardson City Thundercats batting - Pitching for Austin Rangers : RHP Kyle Boddy
|
Batting: LHB Carroll Martin
|
0-0: Ball 1-0: Foul Ball, location: 2F 1-1: Foul Ball, location: 2F 1-2: Foul Ball, location: 2F 1-2: Strikes out swinging
|
Batting: LHB Eduardo Álvarez
|
0-0: Ball 1-0: Ball 2-0: SINGLE (Groundball, 34D)
|
Batting: RHB Chriss Mann
|
0-0: Foul Ball, location: 2F 0-1: Ball 1-1: Ball 2-1: Ball Wild Pitch! Eduardo Álvarez to second 3-1: Base on Balls
|
Batting: SHB Mitch Qualtrough
|
0-0: Ball 1-0: DOUBLE (Flyball, 7LM) Eduardo Álvarez scores Chriss Mann to third
|
Batting: LHB Fernando Ramírez
|
0-0: Ball 1-0: Ball 2-0: SINGLE (Line Drive, 78S) Chriss Mann scores Mitch Qualtrough to third Runner from 3rd tries for Home, SAFE, no throw
|
Batting: LHB Terrence Eler
|
0-0: Foul Ball, location: 2F 0-1: Ball 1-1: Ball 2-1: Swinging Strike 2-2: Foul Ball, location: 2F 2-2: Ball 3-2: Strikes out swinging
|
Batting: RHB Juan Cabrera
|
0-0: Ball 1-0: Ball 2-0: Ball 3-0: Called Strike 3-1: Foul Ball, location: 2F 3-2: Base on Balls Fernando Ramírez to second
|
Batting: RHB Tomás Martínez
|
0-0: Called Strike 0-1: Ball 1-1: Foul Ball, location: 2F 1-2: SINGLE (Flyball, 9LS) Fernando Ramírez to third Juan Cabrera to second Runner from 3rd tries for Home, SAFE, no throw
|
Batting: RHB Alden Wiley
|
0-0: Fielders Choice at 2nd, U6 (Groundball, 6M)
|
Top of the 6th over - 4 run(s), 4 hit(s), 0 error(s), 2 left on base; Richardson City 4 - Austin 0 |
BOTTOM OF THE 6TH |
Austin Rangers batting - Pitching for Richardson City Thundercats : RHP Cordell Wilson
|
Batting: RHB José Muńóz
|
0-0: Called Strike 0-1: Ball 1-1: Ball 2-1: SINGLE (Groundball, 6D)
|
Batting: RHB Miguel Morán
|
0-0: Ball 1-0: Foul Ball, location: 2F 1-1: Ball 2-1: SINGLE (Groundball, 6MD) José Muńóz to second Runner from 2nd tries for 3rd, SAFE, throw made to third
|
Batting: SHB Xavier Vásquez
|
0-0: Called Strike Miguel Morán steals 2nd base 0-1: Ball 1-1: Ground out U3 (Groundball, 34) José Muńóz scores Miguel Morán to third
|
Batting: LHB Yun Yen
|
0-0: Foul Ball, location: 2F 0-1: Called Strike 0-2: SINGLE (Flyball, 89S) Miguel Morán scores
|
Batting: LHB Count Dante
|
0-0: Ball 1-0: DOUBLE (Line Drive, 8LXD) Yun Yen to third
|
Batting: RHB Jeff Green
|
0-0: Single, Error in OF, E7, batter to second base Yun Yen scores Count Dante scores
|
Batting: LHB Jesús Reyes
|
0-0: Ball 1-0: Called Strike 1-1: Foul Ball, location: 2F 1-2: Ground out 4-3 (Groundball, 4D) Jeff Green to third
|
Pitching: RHP Ramón Ortega
|
|
Batting: RHB Tony Hernández
|
0-0: Ball 1-0: Ball 2-0: Ball 3-0: Called Strike 3-1: Called Strike 3-2: Foul Ball, location: 2F 3-2: Fly out, F9 (Flyball, 89XD)
|
Bottom of the 6th over - 4 run(s), 5 hit(s), 1 error(s), 1 left on base; Richardson City 4 - Austin 4 |
TOP OF THE 7TH |
Richardson City Thundercats batting - Pitching for Austin Rangers : RHP Kyle Boddy
|
Batting: LHB Carroll Martin
|
0-0: Ball 1-0: Ball 2-0: Ground out 4-3 (Groundball, 4)
|
Batting: LHB Eduardo Álvarez
|
0-0: Ball 1-0: Swinging Strike 1-1: Foul Ball, location: 2F 1-2: Foul Ball, location: 2F 1-2: Strikes out swinging, 2-3 out at first.
|
Batting: RHB Chriss Mann
|
0-0: Foul Ball, location: 2F 0-1: Swinging Strike 0-2: Ball 1-2: Foul Ball, location: 2F 1-2: Ground out 6-3 (Groundball, 6)
|
Top of the 7th over - 0 run(s), 0 hit(s), 0 error(s), 0 left on base; Richardson City 4 - Austin 4 |
BOTTOM OF THE 7TH |
Austin Rangers batting - Pitching for Richardson City Thundercats : RHP Ramón Ortega
|
Pinch Hitting: SHB Ricardo Pérez
|
0-0: Foul Ball, location: 2F 0-1: Foul Ball, location: 2F 0-2: Ball 1-2: Ground out 4-3 (Groundball, 4)
|
Batting: RHB José Muńóz
|
0-0: Ball 1-0: Swinging Strike 1-1: Called Strike 1-2: Foul Ball, location: 2F 1-2: Ball 2-2: Ball 3-2: Fly out, F7 (Flyball, 7)
|
Batting: RHB Miguel Morán
|
0-0: Called Strike 0-1: Called Strike 0-2: Fly out, F8 (Flyball, 8RM)
|
Bottom of the 7th over - 0 run(s), 0 hit(s), 0 error(s), 0 left on base; Richardson City 4 - Austin 4 |
TOP OF THE 8TH |
Richardson City Thundercats batting - Pitching for Austin Rangers : RHP Kyle Boddy
|
Now at 3B: Rodney Hanna
|
|
Batting: SHB Mitch Qualtrough
|
0-0: Ball 1-0: Ball 2-0: Ball 3-0: Called Strike 3-1: Base on Balls
|
Batting: LHB Fernando Ramírez
|
0-0: Called Strike 0-1: Fly out, F7 (Flyball, 7S)
|
Batting: LHB Terrence Eler
|
0-0: Ball 1-0: Called Strike Mitch Qualtrough steals 2nd base 1-1: Intentional Walk
|
Batting: RHB Juan Cabrera
|
0-0: Ball 1-0: Called Strike 1-1: Grounds into double play, 6-4-3 (Groundball, 6)
|
Top of the 8th over - 0 run(s), 0 hit(s), 0 error(s), 1 left on base; Richardson City 4 - Austin 4 |
BOTTOM OF THE 8TH |
Austin Rangers batting - Pitching for Richardson City Thundercats : RHP Ramón Ortega
|
Batting: SHB Xavier Vásquez
|
0-0: Ball 1-0: Called Strike 1-1: Ground out U3 (Groundball, 34)
|
Batting: LHB Yun Yen
|
0-0: Ball 1-0: Swinging Strike 1-1: Called Strike 1-2: Ball 2-2: Foul Ball, location: 2F 2-2: Fly out, F8 (Flyball, 8LXD)
|
Batting: LHB Count Dante
|
0-0: Ball 1-0: TRIPLE (Flyball, 8LD)
|
Batting: RHB Jeff Green
|
0-0: Ball 1-0: Ground out 5-3 (Groundball, 5)
|
Bottom of the 8th over - 0 run(s), 1 hit(s), 0 error(s), 1 left on base; Richardson City 4 - Austin 4 |
TOP OF THE 9TH |
Richardson City Thundercats batting - Pitching for Austin Rangers : RHP Kyle Boddy
|
Batting: RHB Tomás Martínez
|
0-0: Called Strike 0-1: Called Strike 0-2: Strikes out looking
|
Batting: RHB Alden Wiley
|
0-0: Called Strike 0-1: Fly out, F8 (Flyball, 78M)
|
Batting: LHB Carroll Martin
|
0-0: Called Strike 0-1: Swinging Strike 0-2: Strikes out swinging
|
Top of the 9th over - 0 run(s), 0 hit(s), 0 error(s), 0 left on base; Richardson City 4 - Austin 4 |
BOTTOM OF THE 9TH |
Austin Rangers batting - Pitching for Richardson City Thundercats : RHP Ramón Ortega
|
Pitching: RHP Dave Reed
|
|
Batting: LHB Jesús Reyes
|
0-0: Called Strike 0-1: Foul Ball, location: 2F 0-2: Strikes out swinging
|
Batting: RHB Tony Hernández
|
0-0: Fly out, F9 (Flyball, 89D)
|
Batting: RHB Rodney Hanna
|
0-0: Called Strike 0-1: Fly out, F9 (Flyball, 9LM)
|
Bottom of the 9th over - 0 run(s), 0 hit(s), 0 error(s), 0 left on base; Richardson City 4 - Austin 4 |
TOP OF THE 10TH |
Richardson City Thundercats batting - Pitching for Austin Rangers : RHP Kyle Boddy
|
Pitching: RHP Gavin Blackburn
|
|
Batting: LHB Eduardo Álvarez
|
0-0: Called Strike 0-1: Foul Ball, location: 2F 0-2: Ball 1-2: Strikes out swinging
|
Batting: RHB Chriss Mann
|
0-0: Ball 1-0: Foul Ball, location: 2F 1-1: Ball 2-1: Foul Ball, location: 2F 2-2: Ball 3-2: Fly out, F8 (Flyball, 8RM)
|
Batting: SHB Mitch Qualtrough
|
0-0: Called Strike 0-1: Foul Ball, location: 2F 0-2: Ball 1-2: Ball 2-2: Fly out, F8 (Flyball, 8LM)
|
Top of the 10th over - 0 run(s), 0 hit(s), 0 error(s), 0 left on base; Richardson City 4 - Austin 4 |
|